Workbook
Name __xlnm.Print_Area_2: #REF!
Name __xlnm.Print_Area_3: #REF!
Name __xlnm.Print_Area_3_1: #REF!
Name __xlnm.Print_Titles_3: #REF!
Name _R10P: #REF!
Name _R10R: #REF!
Name _R11P: #REF!
Name _R11R: #REF!
Name _R12P: #REF!
Name _R12R: #REF!
Name _R13P: #REF!
Name _R13R: #REF!
Name _R14P: #REF!
Name _R14R: #REF!
Name _R15P: #REF!
Name _R15R: #REF!
Name _R16P: #REF!
Name _R16R: #REF!
Name _R17P: #REF!
Name _R17R: #REF!
Name _R18P: #REF!
Name _R18R: #REF!
Name _R19P: #REF!
Name _R19R: #REF!
Name _R1P: #REF!
Name _R1R: #REF!
Name _R20P: #REF!
Name _R20R: #REF!
Name _R21P: #REF!
Name _R21R: #REF!
Name _R22P: #REF!
Name _R22R: #REF!
Name _R23P: #REF!
Name _R23R: #REF!
Name _R24P: #REF!
Name _R24R: #REF!
Name _R2P: #REF!
Name _R2R: #REF!
Name _R3P: #REF!
Name _R3R: #REF!
Name _R4P: #REF!
Name _R4R: #REF!
Name _R5P: #REF!
Name _R5R: #REF!
Name _R6P: #REF!
Name _R6R: #REF!
Name _R7P: #REF!
Name _R7R: #REF!
Name _R8P: #REF!
Name _R8R: #REF!
Name _R9P: #REF!
Name _R9R: #REF!
Name _RP1: #REF!
Name _RP10: #REF!
Name _RP11: #REF!
Name _RP12: #REF!
Name _RP13: #REF!
Name _RP14: #REF!
Name _RP15: #REF!
Name _RP16: #REF!

Sheet Proposta Licitante
B2: MODELO DE PROPOSTA DE PREÇOS - LICITANTE Mês base: abertura das propostas
B4: Item | C4: Valor | D4: % em Relação ao Total do Contrato | E4: Qtde | F4: Valor Mensal
B5: SUPERVISÃO - REMUNERAÇÃO FIXA | C5: =C7*D5 -> 0 | D5: 0.5 | E5: 24 | F5: =C5/E5 -> 0
B6: SUPERVISÃO - REMUNERAÇÃO VARIÁVEL | C6: =C7*D6 -> 0 | D6: 0.5 | E6: 1 | F6: % em Relação aos Valores de cada Medição dos Contratos de Execução das OBRAS.
B7: TOTAL | D7: =D6+D5 -> 1
B9: OBS: Preencher a célula em VERDE com o total da proposta da licitante.

Sheet Det. Rem. Fixa
B3: SAP 1000000330- “Contratação de empresa de Consultoria para prestação de serviços de Engenharia do Proprietário para realizar o acompanhamento, supervisão técnica e apoio à fiscalização em todas as etapas de implantação do empreendimento de ampliação e modernização do sistema de distribuição de energia elétrica para a Faixa Portuária do Porto de Paranaguá, conforme contratação semi-integrada referente à elaboração dos projetos executivos e implantação das obras, Processo SAP 1000000287, Edital de Licitação nº 287/2025-APPA”.
B5: Detalhamento do item "SUPERVISÃO - Remuneração Fixa"
B6: Item | C6: Núm. Meses | D6: Valor unitário | E6: Valor Total
B8: Engenheiro(a) (Coordenador) | C8: 24 | E8: =C8*D8 -> 0
B9: Secretário(a) | C9: =C8 -> 24 | E9: =C9*D9 -> 0
B10: Recursos Materiais | C10: =C9 -> 24 | E10: =C10*D10 -> 0
B11: Engenheiro(a) Civil Sênior | C11: =C10 -> 24 | E11: =C11*D11 -> 0
B12: Engenheiro(a) Eletricista Sênior | C12: =C11 -> 24 | E12: =C12*D12 -> 0
B13: Técnico em Construção Civil/Edificações Sênior | C13: =C12 -> 24 | E13: =C13*D13 -> 0
B14: Técnico em Eletrotécnica/Eletrônica Sênior | C14: =C13 -> 24 | E14: =C14*D14 -> 0
B15: TOTAL | D15: =SUM(D8:D14) -> 0 | E15: =SUM(E8:E14) -> 0

Sheet Cronograma
B2: CRONOGRAMA FÍSICO-FINANCEIRO DE REFERÊNCIA - APPA SAP 1000000330- “Contratação de empresa de Consultoria para prestação de serviços de Engenharia do Proprietário para realizar o acompanhamento, supervisão técnica e apoio à fiscalização em todas as etapas de implantação do empreendimento de ampliação e modernização do sistema de distribuição de energia elétrica para a Faixa Portuária do Porto de Paranaguá, conforme contratação semi-integrada referente à elaboração dos projetos executivos e implantação das obras, Processo SAP 1000000287, Edital de Licitação nº 287/2025-APPA”.
B3: DESCRIÇÃO | C3: Mês 01 | D3: Mês 02 | E3: Mês 03 | F3: Mês 04 | G3: Mês 05 | H3: Mês 06 | I3: Mês 07 | J3: Mês 08 | K3: Mês 09 | L3: Mês 10 | M3: Mês 11 | N3: Mês 12
B4: Físico (Relatórios Mín.) | C4: 2 | D4: 2 | E4: 2 | F4: 2 | G4: 2 | H4: 2 | I4: 2 | J4: 2 | K4: 2 | L4: 2 | M4: 2 | N4: 3
B5: Financeiro (%) | C5: 0.022282084 | D5: 0.022545974 | E5: 0.023053026 | F5: 0.024209319 | G5: 0.023317573 | H5: 0.024164674 | I5: 0.023572415 | J5: 0.03535259 | K5: 0.065131253 | L5: 0.07126548 | M5: 0.035079235 | N5: 0.073459704
B6: Financeiro (R$) | C6: ='Proposta Licitante'!$C$7*Cronograma!C5 -> 0 | D6: ='Proposta Licitante'!$C$7*Cronograma!D5 -> 0 | E6: ='Proposta Licitante'!$C$7*Cronograma!E5 -> 0 | F6: ='Proposta Licitante'!$C$7*Cronograma!F5 -> 0 | G6: ='Proposta Licitante'!$C$7*Cronograma!G5 -> 0 | H6: ='Proposta Licitante'!$C$7*Cronograma!H5 -> 0 | I6: ='Proposta Licitante'!$C$7*Cronograma!I5 -> 0 | J6: ='Proposta Licitante'!$C$7*Cronograma!J5 -> 0 | ... N6: ='Proposta Licitante'!$C$7*Cronograma!N5 -> 0
B7: Acumulado (%) | C7: =C5 -> 0.022282084 | D7: =D5+C7 -> 0.044828057 | E7: =E5+D7 -> 0.067881083 | F7: =F5+E7 -> 0.092090402 | G7: =G5+F7 -> 0.11540798 | H7: =H5+G7 -> 0.13957265 | I7: =I5+H7 -> 0.16314506 | J7: =J5+I7 -> 0.19849765 | K7: =K5+J7 -> 0.26362891 | ... N7: =N5+M7 -> 0.44343333
B8: Acumulado (R$) | C8: =C6 -> 0 | D8: =D6+C8 -> 0 | E8: =E6+D8 -> 0 | F8: =F6+E8 -> 0 | G8: =G6+F8 -> 0 | H8: =H6+G8 -> 0 | I8: =I6+H8 -> 0 | J8: =J6+I8 -> 0 | K8: =K6+J8 -> 0 | ... N8: =N6+M8 -> 0
B9: DESCRIÇÃO | C9: Mês 13 | D9: Mês 14 | E9: Mês 15 | F9: Mês 16 | G9: Mês 17 | H9: Mês 18 | I9: Mês 19 | J9: Mês 20 | K9: Mês 21 | L9: Mês 22 | M9: Mês 23 | N9: Mês 24
B10: Físico (Relatórios Mín.) | C10: 2 | D10: 2 | E10: 2 | F10: 2 | G10: 2 | H10: 2 | I10: 2 | J10: 2 | K10: 2 | L10: 2 | M10: 2 | N10: 4
B11: Financeiro (%) | C11: 0.057623802 | D11: 0.052841311 | E11: 0.083559959 | F11: 0.056189723 | G11: 0.089338969 | H11: 0.041308636 | I11: 0.031810661 | J11: 0.025301795 | K11: 0.024353254 | L11: 0.032987476 | M11: 0.030109759 | N11: 0.031141329
B12: Financeiro (R$) | C12: ='Proposta Licitante'!$C$7*Cronograma!C11 -> 0 | D12: ='Proposta Licitante'!$C$7*Cronograma!D11 -> 0 | E12: ='Proposta Licitante'!$C$7*Cronograma!E11 -> 0 | F12: ='Proposta Licitante'!$C$7*Cronograma!F11 -> 0 | G12: ='Proposta Licitante'!$C$7*Cronograma!G11 -> 0 | H12: ='Proposta Licitante'!$C$7*Cronograma!H11 -> 0 | I12: ='Proposta Licitante'!$C$7*Cronograma!I11 -> 0 | J12: ='Proposta Licitante'!$C$7*Cronograma!J11 -> 0 | ... N12: ='Proposta Licitante'!$C$7*Cronograma!N11 -> 0
B13: Acumulado (%) | C13: =N7+C11 -> 0.50105713 | D13: =D11+C13 -> 0.55389844 | E13: =E11+D13 -> 0.6374584 | F13: =F11+E13 -> 0.69364812 | G13: =G11+F13 -> 0.78298709 | H13: =H11+G13 -> 0.82429573 | I13: =I11+H13 -> 0.85610639 | J13: =J11+I13 -> 0.88140818 | K13: =K11+J13 -> 0.90576144 | ... N13: =N11+M13 -> 1
B14: Acumulado (R$) | C14: =N8+C12 -> 0 | D14: =D12+C14 -> 0 | E14: =E12+D14 -> 0 | F14: =F12+E14 -> 0 | G14: =G12+F14 -> 0 | H14: =H12+G14 -> 0 | I14: =I12+H14 -> 0 | J14: =J12+I14 -> 0 | K14: =K12+J14 -> 0 | ... N14: =N12+M14 -> 0

Sheet BDI
A1: COMPOSIÇÃO DE BDI
A3: CUSTO TOTAL DO SERVIÇO (R$):
A4: ITEM | B4: DISCRIMINAÇÃO | C4: VALOR (R$) | D4: TAXA (%) | E4: OBSERVAÇÃO | F4: SITUAÇÃO DO INTERVALO ADMISSIVEL | G4: PARCELAS DO BDI (%)
G5: 1 Quartil | H5: Médio | I5: 3 Quartil
A6: 1 | B6: AC - ADMINISTRAÇÃO CENTRAL | C6: =D6*$I$3 -> 0 | F6: =IF(AND(D6>=G6,D6<=I6),"OK","DIFERE") -> DIFERE | G6: 0.03 | H6: 0.04 | I6: 0.055
A7: 2 | B7: SG - SEGUROS + GARANTIA | C7: =D7*$I$3 -> 0 | F7: =IF(AND(D7>=G7,D7<=I7),"OK","DIFERE") -> DIFERE | G7: 0.008 | H7: 0.008 | I7: 0.01
A8: 3 | B8: R - RISCOS | C8: =D8*$I$3 -> 0 | F8: =IF(AND(D8>=G8,D8<=I8),"OK","DIFERE") -> DIFERE | G8: 0.0097 | H8: 0.0127 | I8: 0.0127
A9: 4 | B9: DF - DESPESAS FINANCEIRAS | C9: =D9*($I$3+C6+C7+C8) -> 0 | F9: =IF(AND(D9>=G9,D9<=I9),"OK","DIFERE") -> DIFERE | G9: 0.0059 | H9: 0.0123 | I9: 0.0139
A10: 5 | B10: L - LUCRO BRUTO | C10: =D10*($I$3+C6+C7+C8+C9) -> 0 | F10: =IF(AND(D10>=G10,D10<=I10),"OK","DIFERE") -> DIFERE | G10: 0.0616 | H10: 0.074 | I10: 0.0896
A11: 6 | B11: I - IMPOSTOS | C11: =(I3+C6+C7+C8+C9+C10)*(1/(1-$D$11)-1) -> 0 | D11: =SUM(D12:D15) -> 0.05
A12: 6.1 | B12: PIS
A13: 6.2 | B13: COFINS
A14: 6.3 | B14: ISS (CONFORME LEGISLAÇÃO MUNICIPAL) | D14: 0.05
A15: 6.4 | B15: CONTRIB.PREV. SOBRE REC. BRUTA - CPRB
A16: TOTAL DO BDI (R$) | C16: =SUM(C6:C11) -> 0 | F16: Parâmetros do Acórdão 2.622/2013 - Plenário
A17: PREÇO DE VENDA (R$) | C17: =C16+I3 -> 0 | F17: Sem CPRB | G17: 0.2034 | H17: 0.2212 | I17: 0.25
A18: BDI (%) | D18: =(((1+$D6+$D7+$D8)*(1+$D9)*(1+$D10)/(1-$D11)))-1 -> 0.052631579 | E18: =IF(AND($D18>=$G18,$D18<=$I18),"OK","DIFERE") -> DIFERE | F18: Com CPRB | G18: =((G17+1))/(1-D15)-1 -> 0.2034 | H18: =((H17+1))/(1-D15)-1 -> 0.2212 | I18: =((I17+1))/(1-D15)-1 -> 0.25
F20: Equação Acordão TCU 2.622/2013 - Plenário
A24: Onde:
A25: AC: taxa de administração central;
A26: S: taxa de seguros;
A27: G: taxa de garantias;
A28: R: taxa de riscos;
A29: DF: taxa de despesas financeiras;
A30: L: taxa de lucro/remuneração;
A31: I: taxa de incidência de impostos (PIS, COFINS, ISS, CPRB).
B34: PRAZO DE OBRA: | C34: 24 | D34: MÊS(ES)
